 Dungeon Crawl Stone Soup version 0.31-a0-819-gf6de2f5ab6 (webtiles) character file.

Game seed: 2155335160997902776

16100 Rohain the Fighter (level 12, -2/93 HPs)
             Began as a Demonspawn Gladiator on Sept 23, 2023.
             Was a High Priest of Okawaru.
             Slain by a six-headed hydra (6 damage)
             ... on level 10 of the Dungeon.
             The game lasted 00:21:28 (11814 turns).

Rohain the Fighter (Demonspawn Gladiator)          Turns: 11814, Time: 00:21:28

Health: -2/93      AC:  8    Str: 18    XL:     12   Next: 7%
Magic:  17/17      EV: 15    Int: 12    God:    Okawaru [*****.]
Gold:   639        SH:  5    Dex: 16    Spells: 11/11 levels left

rFire   . . .        I - +13 scythe of Curses {drain, curses, Drain}
rCold   . . .        (shield currently unavailable)
rNeg    + . .        d - +2 leather armour {rPois}
rPois   +            c - +0 helmet
rElec   .            x - +1 cloak {Will+}
rCorr   .            (no gloves)
SInv    +            (no boots)
Will    +....        p - amulet of reflection
Stlth   ++++         D - ring of see invisible
HPRegen 0.35/turn    N - ring of positive energy
MPRegen 0.15/turn

%: reflection
@: hasted, very quick
A: hooves 2, thin skeletal structure 1, ignite blood 1, demonic magic 2
a: Renounce Religion, Heroism, Finesse, Duel


You were on level 10 of the Dungeon.
You worshipped Okawaru.
Okawaru was extremely pleased with you.
You visited 2 branches of the dungeon, and saw 11 of its levels.

You collected 639 gold pieces.

Inventory:

Hand Weapons
 I - the +13 scythe of Curses (weapon) {drain, curses, Drain}
   (You found it on level 7 of the Dungeon)

   Drain:     It drains your maximum health when unequipped.
 T - a +2 hand axe of flaming
 X - a +2 war axe of flaming
Missiles
 e - a javelin
 y - 3 throwing nets
 z - 5 curare-tipped darts
 E - 10 poisoned darts
 V - 2 atropa-tipped darts
Armour
 c - a +0 helmet (worn)
 d - a +2 leather armour of poison resistance (worn)
 j - a +1 cloak of poison resistance
 k - a +2 leather armour of cold resistance
 o - the +3 plate armour of Immorality {Int-2 Dex+3}
   (You found it on level 3 of the Dungeon)

   Int-2:     It affects your intelligence (-2).
   Dex+3:     It affects your dexterity (+3).
 s - an orb of light
 x - a +1 cloak of willpower (worn)
 M - a +0 pair of boots
 O - +0 steam dragon scales
 U - an orb of guile
Jewellery
 a - a ring of willpower
 p - an amulet of reflection (around neck)
 D - a ring of see invisible (left hand)
 H - the amulet "Azeeck" {Faith rN+ Int+2}
   (You found it on level 7 of the Dungeon)

   [amulet of faith]

   Faith:     It allows you to gain divine favour quickly.
   Int+2:     It affects your intelligence (+2).
   rN+:       It protects you from negative energy.
 J - a ring of resist corrosion
 N - a ring of positive energy (right hand)
 Q - an amulet of faith
Talismans
 g - a beast talisman
 C - a flux talisman
Wands
 l - a wand of light (13)
 t - a wand of iceblast (16)
 F - a wand of flame (66)
Scrolls
 b - a scroll of enchant weapon
 m - 4 scrolls of poison
 n - 2 scrolls of vulnerability
 u - a scroll of immolation {unknown}
 w - 2 scrolls of fear
 A - 2 scrolls of revelation
 G - 2 scrolls of butterflies
 P - 6 scrolls of identify
 S - a scroll of teleportation {unknown}
 Y - a scroll of fog
Potions
 f - 3 potions of degeneration
 h - 5 potions of invisibility
 i - a potion of cancellation
 q - a potion of resistance
 r - a potion of haste
 v - a potion of enlightenment
 B - 3 potions of attraction
 R - 2 potions of lignification
 W - a potion of brilliance
Miscellaneous
 K - a phantom mirror
 L - a condenser vane


   Skills:
 + Level 8.2 Fighting
 - Level 8.1(9.2) Axes
 * Level 6.7(8.5) Polearms
 - Level 2.0 Throwing
 - Level 2.2 Armour
 + Level 7.3 Dodging
 + Level 7.3 Stealth
 + Level 6.8 Unarmed Combat
 + Level 7.1 Invocations
 - Level 1.8 Shapeshifting


You had 11 spell levels left.
You didn't know any spells.
Your spell library contained the following spells:

 Spells                   Type           Power      Damage    Failure   Level
 Sting                    Tmut/Pois      0%         1d3       36%         1
 Poisonous Vapours        Pois/Air       0%         N/A       52%         2
 Olgreb's Toxic Radiance  Pois           0%         N/A       98%         4
 Vhi's Electric Charge    Tloc/Air       0%         N/A       98%         4
 Arcjolt                  Conj/Air       0%         1d10      100%        5
 Plasma Beam              Fire/Air       0%         2x1d10    100%        6
 Orb of Destruction       Conj           0%         9d5       100%        7
 Summon Guardian Golem    Hex/Summ       Unusable   N/A       N/A         3
 Spellforged Servitor     Conj/Summ      Unusable   N/A       N/A         7

Dungeon Overview and Level Annotations

Branches:
Dungeon (10/15)            Temple (1/1) D:7            Lair (0/5) D:9
    Orc: D:9-12

Altars:
Ashenzari
Cheibriados
Dithmenos
Fedhas
Gozag
Hepliaklqana
Kikubaaqudgha
Makhleb
Nemelex Xobeh
Okawaru
Qazlal
Ru
Sif Muna
Trog
Uskayaw
Vehumet
Xom
Yredelemnul

Shops:
D:1 *

Annotations:
D:3 1 runed translucent door, Crazy Yiuf


Innate Abilities, Weirdness & Mutations

You have hoof-like feet.
You have a somewhat thin skeletal structure. (Dex +2, Stealth+)
Your demonic aura sometimes causes spilled blood to erupt in flames.
Spells you cast may paralyse nearby enemies.


Message History

Aiming: Bolt of Light
Press: ? - help, Shift-Dir - straight line, f - five-headed hydra
Aim: a five-headed hydra (90% to hit)
The bolt of light misses the five-headed hydra.
Aiming: Bolt of Light
Press: ? - help, Shift-Dir - straight line, f/p - five-headed hydra
Aim: a five-headed hydra (90% to hit)
The bolt of light hits the five-headed hydra!
The five-headed hydra is lightly wounded.
The five-headed hydra is blinded.
The five-headed hydra is no longer blind.
You hack one of the five-headed hydra's heads off!
The four-headed hydra grows two more!
You slash the six-headed hydra!
The six-headed hydra is engulfed in negative energy!
The six-headed hydra is drained!
You kick the six-headed hydra.
The six-headed hydra is moderately wounded.
The six-headed hydra bites you! x2; The six-headed hydra barely misses you.
The six-headed hydra bites you! The six-headed hydra barely misses you.
The six-headed hydra bites you but does no damage.
The six-headed hydra attacks as it pursues you!
The six-headed hydra bites you. The six-headed hydra bites you! x3
The six-headed hydra completely misses you.
The six-headed hydra closely misses you.
The six-headed hydra is engulfed in blazing flames.
The six-headed hydra attacks as it pursues you!
The six-headed hydra bites you but does no damage.
The six-headed hydra bites you!
* * * LOW HITPOINT WARNING * * *
The six-headed hydra bites you but does no damage.
The six-headed hydra bites you.
* * * LOW HITPOINT WARNING * * *
The six-headed hydra closely misses you.
The six-headed hydra bites you!
* * * LOW HITPOINT WARNING * * *
Okay, then.
You feel yourself speed up. The six-headed hydra bites you!
* * * LOW HITPOINT WARNING * * *
The six-headed hydra bites you but does no damage.
The six-headed hydra bites you.
You die...

#...#.....#..# #.......(
#...#.....#..# #........
#...#.....#..# #........
#####...###+##########+##########
.................................
.................................
.................................
...............○.................
..............<.@D...............
.................................
.................................
.................................
.............................
.............................
.............................
#################################
.........................>.......


You could see a six-headed hydra (drained).

Vanquished Creatures
  A hydra (D:10)
  An ogre mage (D:10)
  Erica (D:10)
  A boulder beetle (D:7)
  3 two-headed ogres
  Amaemon (D:9)
  A cyclops (D:10)
  A manticore (D:10)
  Joseph (D:9)
  Maurice (D:8)
  An orange demon (D:9)
  Psyche (D:8)
  Jeremiah (D:9)
  2 trolls (D:10)
  Prince Ribbit (D:8)
  The ghost of LeprechaunX the Changeling, an amateur OpSh (D:4)
  A slime creature (D:7)
  Sigmund (D:3)
  2 shadows
  3 wraiths
  A vampire (D:10)
  2 wyverns
  Eustachio (D:4)
  15 yaks
  2 steam dragons
  A vampire mosquito (Temple)
  An acid dragon (D:10)
  Edmund (D:4)
  2 black bears
  3 sky beasts
  4 ice beasts
  5 orc warriors
  2 ogres
  3 centaurs (D:7)
  A phantom (D:6)
  A kobold brigand (D:4)
  4 bullfrogs
  A gnoll sergeant (D:8)
  3 scorpions
  8 wights
  4 howler monkeys (D:9)
  A hound (D:7)
  3 jellies
  3 orc priests
  2 gnoll boudas (D:7)
  A sleepcap (D:7)
  Ijyb (D:3)
  6 iguanas
  10 orc wizards
  A mummy (D:4)
  16 gnolls
  2 adders
  2 shadow imps
  2 white imps (D:7)
  2 worms (D:2)
  3 dart slugs
  30 orcs
  6 ball pythons
  6 endoplasms
  2 giant cockroaches
  12 goblins
  8 hobgoblins
  4 jackals
  5 quokkas
  4 bats
  A frilled lizard (D:1)
  16 kobolds
  2 kobold zombies (D:4)
  2 orc zombies (D:4)
  9 rats
253 creatures vanquished.

Vanquished Creatures (others)
  A hobgoblin (D:3)
1 creature vanquished.

Grand Total: 254 creatures vanquished

Notes
Turn   | Place    | Note
-------+----------+-------------------------------------------
     0 | D:1      | Rohain the Demonspawn Gladiator began the quest for the
                  | Orb.
     0 | D:1      | Reached XP level 1. HP: 16/16 MP: 1/1
    77 | D:1      | Found a faded altar of an unknown god.
   255 | D:1      | Gained mutation: You have large cloven feet. [demonic
                  | ancestry]
   255 | D:1      | Reached XP level 2. HP: 22/22 MP: 2/2
   540 | D:1      | Found Ticukodu's Assorted Antiques.
   852 | D:2      | Reached XP level 3. HP: 7/27 MP: 3/3
  1253 | D:2      | Found a sparkling altar of Nemelex Xobeh.
  1898 | D:3      | Reached XP level 4. HP: 20/34 MP: 4/4
  1996 | D:3      | Identified the +3 plate armour of Immorality {Int-2 Dex+3}
  2258 | D:3      | Reached skill level 1 in Shapeshifting
  2298 | D:3      | Found a shimmering blue altar of Sif Muna.
  2300 | D:3      | Noticed Ijyb
  2302 | D:3      | Noticed Sigmund
  2310 | D:3      | Killed Ijyb
  2311 | D:3      | Reached skill level 1 in Unarmed Combat
  2311 | D:3      | Gained mutation: You have a somewhat thin skeletal
                  | structure. (Dex +2, Stealth+) [demonic ancestry]
  2311 | D:3      | Reached XP level 5. HP: 11/39 MP: 5/5
  2316 | D:4      | Found an ancient bone altar of Kikubaaqudgha.
  2446 | D:3      | Killed Sigmund
  2447 | D:3      | Reached skill level 1 in Armour
  2447 | D:3      | Reached skill level 1 in Stealth
  2447 | D:3      | Gained mutation: Spells you cast may paralyse adjacent
                  | enemies. [demonic ancestry]
  2447 | D:3      | Reached XP level 6. HP: 35/47 MP: 6/6
  2524 | D:3      | Found an opulent altar of Gozag.
  2697 | D:3      | Found a runed translucent door.
  2698 | D:3      | Noticed Crazy Yiuf
  2769 | D:4      | Identified the +0 leather armour of Purpose {Stlth+}
  2774 | D:4      | Found a stormy altar of Qazlal.
  2775 | D:4      | Noticed Eustachio
  2815 | D:5      | Entered Level 5 of the Dungeon
  2962 | D:5      | Found a bloodstained altar of Trog.
  2990 | D:5      | Found a snail-covered altar of Cheibriados.
  2992 | D:5      | Found a hide-covered altar of Uskayaw.
  2992 | D:5      | Found a shimmering altar of Xom.
  3456 | D:5      | Noticed an ice beast
  3484 | D:5      | Noticed an ice beast
  3504 | D:5      | Killed an ice beast
  3505 | D:5      | Reached XP level 7. HP: 24/52 MP: 7/7
  3875 | D:5      | Reached skill level 5 in Axes
  3888 | D:5      | Found a hazy altar of Hepliaklqana.
  4772 | D:4      | Noticed Edmund
  4786 | D:4      | Killed Edmund
  4787 | D:4      | Gained mutation: Your demonic aura sometimes causes spilled
                  | blood to erupt in flames. [demonic ancestry]
  4787 | D:4      | Reached XP level 8. HP: 49/60 MP: 4/8
  4883 | D:4      | Killed Eustachio
  5114 | D:4      | Found a runed translucent gate.
  5114 | D:4      | Found a runed translucent gate.
  5114 | D:4      | Found a runed translucent gate.
  5115 | D:4      | Noticed LeprechaunX's ghost (amateur OpSh)
  5343 | D:4      | Killed LeprechaunX's ghost
  5736 | D:6      | Reached skill level 5 in Fighting
  5870 | D:6      | Found a blossoming altar of Fedhas.
  5896 | D:6      | You fall into a shaft and drop 2 floors!
  5904 | D:8      | Noticed Maurice
  5909 | D:8      | Maurice stole a flux talisman
  5912 | D:8      | Something stole 5 curare-tipped darts
  5914 | D:8      | Something stole an orb of light
  5915 | D:8      | Something stole 299 gold
  5919 | D:8      | Killed Maurice
  5920 | D:8      | Gained mutation: Spells you cast may paralyse nearby
                  | enemies. [demonic ancestry]
  5920 | D:8      | Reached XP level 9. HP: 34/68 MP: 9/9
  6062 | D:8      | Noticed Psyche
  6282 | D:7      | Found a staircase to the Ecumenical Temple.
  6293 | Temple   | Entered the Ecumenical Temple
  6304 | Temple   | Became a worshipper of Warmaster Okawaru
  6381 | D:7      | Reached skill level 5 in Dodging
  6384 | D:7      | Reached * piety under Okawaru
  6825 | D:6      | Reached skill level 1 in Invocations
  7141 | D:7      | Noticed a boulder beetle
  7576 | D:7      | Reached skill level 5 in Stealth
  7658 | D:7      | Found the +13 scythe of Curses {drain, curses, Drain}
  7672 | D:7      | Identified the amulet "Azeeck" {Faith rN+ Int+2}
  7686 | D:7      | Identified the +6 sling "Taikair" {heavy, rElec}
  7754 | D:7      | Gained mutation: You have hoof-like feet. [demonic
                  | ancestry]
  7754 | D:7      | Reached XP level 10. HP: 76/76 MP: 11/11
  7774 | D:7      | Found a broken altar of Ashenzari.
  7812 | D:7      | Reached skill level 1 in Polearms
  7885 | D:7      | Reached ** piety under Okawaru
  7891 | D:7      | Reached skill level 5 in Unarmed Combat
  7936 | D:7      | Killed a boulder beetle
  8202 | D:7      | Reached *** piety under Okawaru
  8532 | D:7      | Noticed a two-headed ogre
  8537 | D:7      | Killed a two-headed ogre
  8570 | D:8      | Killed Psyche
  8706 | D:8      | Noticed Prince Ribbit
  8711 | D:8      | Killed Prince Ribbit
  8711 | D:8      | Reached **** piety under Okawaru
  8868 | D:8      | Reached XP level 11. HP: 82/84 MP: 14/14
  8872 | D:8      | Reached skill level 5 in Invocations
  9282 | D:9      | Noticed Jeremiah
  9434 | D:9      | Killed Jeremiah
  9443 | D:9      | Found a staircase to the Lair.
  9761 | D:9      | Noticed Joseph
  9769 | D:9      | Killed Joseph
  9769 | D:9      | Reached ***** piety under Okawaru
  9905 | D:9      | Reached skill level 5 in Polearms
  9986 | D:9      | Noticed Amaemon
 10003 | D:9      | Killed Amaemon
 10252 | D:10     | Entered Level 10 of the Dungeon
 10700 | D:10     | Noticed a two-headed ogre
 10700 | D:10     | Noticed a five-headed hydra
 10701 | D:10     | Noticed a two-headed ogre
 10711 | D:10     | Killed a two-headed ogre
 10893 | D:10     | Noticed an ogre mage
 10909 | D:10     | Killed an ogre mage
 10963 | D:10     | Received a gift from Okawaru
 10975 | D:10     | Noticed Erica
 10983 | D:10     | Killed Erica
 11037 | D:10     | Killed a two-headed ogre
 11359 | D:10     | Noticed a seven-headed hydra
 11368 | D:10     | Killed a seven-headed hydra
 11369 | D:10     | Reached XP level 12. HP: 92/92 MP: 17/17
 11814 | D:10     | HP: 4/93 [six-headed hydra (8)]
 11814 | D:10     | Slain by a six-headed hydra

Illustrated notes

Levels and vault maps discovered:
D:1:      minmay_arrival_glassed_features, layout_loops_ring,
          shapermc_ecumenical_altar_gd, serial_shops, shop,
          minmay_rat_gold_closets
D:2:      layout_loops_ring, basic_altar
D:3:      layout_rooms, nicolae_gozag_cash_rules_everything_around_me,
          lemuel_round_altar, minmay_bisected, uniq_ijyb, uniq_sigmund,
          uniq_crazy_yiuf_cottage
D:4:      layout_basic, old_standard_altar, kiku_gazebo_garden_becter,
          lemuel_round_altar, gammafunk_ghost_nasty_kobolds,
          minmay_mini_ossuary, uniq_eustachio, uniq_edmund
D:5:      layout_basic, nzn_hepliaklqana_mist_gate, grunt_temple_overflow_open
D:6:      layout_basic, nicolae_wu_jian_immortal_techniques, fedhas_altar_3,
          st_stairs_8, minmay_misc_feat_nine_boxes, minmay_circle_x
D:7:      minmay_the_grid_octo_2x2 [minmay_the_grid_octo_fan_narrow,
          minmay_the_grid_octo_fat_diamond, minmay_the_grid_octo_concentric,
          minmay_the_grid_octo_prize_square_snowflake], layout_cave_pods,
          gammafunk_temple_overflow_statue,
          minmay_temple_entry_drinking_statues, minmay_misc_feat_pillars
D:8:      layout_rooms, chequers_serial_rivers_small_a,
          chequers_hall_statues_wall_a, serial_park_tiny_1,
          kennysheep_pointless_box, uniq_prince_ribbit1, uniq_psyche,
          uniq_maurice
D:9:      layout_basic, lair_entry_dummy, uniq_jeremiah, uniq_amaemon,
          uniq_joseph
D:10:     cheibrodos_fzero, layout_grid_maze, uniq_erica
Temple:   nicolae_temple_great_sept

Skill      XL: |  1  2  3  4  5  6  7  8  9 10 11 |
---------------+----------------------------------+-----
Throwing       | 2 |  2.0
Axes           | 3 4 5 7 8 |  8.1
Dodging        | 3 4 5 6 7 |  7.3
Shapeshifting  | 1 |  1.8
Unarmed Combat | 1 2 4 5 6 |  6.8
Fighting       | 3 4 5 6 7 8 |  8.2
Armour         | 1 2 |  2.2
Stealth        | 1 2 4 5 6 7 |  7.3
Invocations    | 2 4 7 |  7.1
Polearms       | 4 6 |  6.7

Action                     |  1- 3 |  4- 6 |  7- 9 | 10-12 || total
---------------------------+-------+-------+-------+-------++-------
  Melee: War axe           |   102 |   100 |   386 |       ||   588
         Kick              |    20 |    23 |    76 |    44 ||   163
         Punch             |     1 |     1 |    10 |       ||    12
         Scythe            |       |       |     3 |   198 ||   201
  Throw: Throwing net      |     1 |     4 |     2 |       ||     7
         Dart              |       |       |       |     2 ||     2
 Invoke: Heroism           |       |       |       |     1 ||     1
         Finesse           |       |       |       |     1 ||     1
Ability: Begin Untransform |       |     1 |       |       ||     1
  Evoke: Wand              |       |       |     2 |     8 ||    10
    Use: Scroll            |     5 |       |    11 |       ||    16
         Potion            |       |     2 |     8 |     3 ||    13
   Stab: Sleeping          |     3 |     1 |     9 |    14 ||    27
         Held in net/web   |     1 |     1 |     2 |       ||     4
         Distracted        |       |       |     1 |       ||     1
 Armour: Leather armour    |    60 |    98 |   289 |   137 ||   584
  Dodge: Dodged            |    69 |    95 |   311 |   138 ||   613
  Block: Orb               |       |     3 |       |       ||     3
         Other             |       |    28 |   126 |    51 ||   205
         Reflection        |       |       |     1 |     4 ||     5
   Form: Beast             |     1 |       |       |       ||     1

Table legend: (Time is in decaauts)
 A = Elapsed time spent in this place.
 B = Non-inter-level travel time spent in this place.
 C = Inter-level travel time spent in this place.
 D = Time resting spent in this place.
 E = Time spent auto-exploring this place.
 F = Levels seen in this place.
 G = Mean time per level.
                   A        B        C        D        E       F      G
               +--------+--------+--------+--------+--------+-----+--------+
         Total |  12112 |  11764 |    348 |   3218 |   6144 |  11 | 1101.1 |
       Dungeon |  11755 |  11407 |    348 |   2907 |   6144 |  10 | 1175.5 |
        Temple |    356 |    356 |      0 |    310 |      0 |   1 |  356.0 |
               +--------+--------+--------+--------+--------+-----+--------+

Top non-repeatable levels by time:
     D:7: 1993 daAuts
     D:5: 1775 daAuts
    D:10: 1386 daAuts
     D:4: 1231 daAuts
     D:2: 1117 daAuts
     D:9: 1105 daAuts
     D:8: 1065 daAuts
     D:1: 888 daAuts
     D:3: 664 daAuts
     D:6: 528 daAuts
  Temple: 356 daAuts
